 Dungeon Crawl Stone Soup version 0.22-a0-525-gf69a080 (webtiles) character file.

2757 kae the Destroyer (level 9, 0/78 HPs)
             Began as a Tengu Fire Elementalist on June 20, 2018.
             Was a Follower of Vehumet.
             Succumbed to a scorpion's poison
             ... on level 7 of the Dungeon.
             The game lasted 00:08:59 (7654 turns).

kae the Destroyer (Tengu Fire Elementalist)         Turns: 7654, Time: 00:08:59

Health: 0/78       AC: 28    Str: 14    XL:     9   Next: 69%
Magic:  1/17       EV:  2    Int: 18    God:    Vehumet [*.....]
Gold:   287        SH:  0    Dex: 15    Spells: 7/17 levels left

rFire    + . .     SeeInvis +   A - +14 obsidian axe {chop, +Fly SInv *Curse} (curse)
rCold    + . .     Gourm    .   (no shield)
rNeg     + + +     Faith    .   (armour currently unavailable)
rPois    +         Spirit   +   (helmet currently unavailable)
rElec    +         Reflect  .   (cloak currently unavailable)
rCorr    +         Harm     .   (gloves currently unavailable)
MR       .....     NoTele   +   (boots unavailable)
Stlth    ++........             b - amulet of guardian spirit
HPRegen  0.23/turn              y - ring of see invisible
MPRegen  0.15/turn              p - +4 ring of protection

@: mighty, lethally poisoned (0 -> -1), tree-form (expiring), resistant,
mesmerised
A: able to fly 1
a: Fly, Renounce Religion


You were on level 7 of the Dungeon.
You worshipped Vehumet.
Vehumet was aware of your devotion.
You were near starving.
You were a tree.
You visited 2 branches of the dungeon, and saw 8 of its levels.

You collected 287 gold pieces.

Inventory:

Hand Weapons
 d - the +6 long sword "Orufid" {venom, +Inv rPois rN+}
   (You found it on level 4 of the Dungeon)

   It poisons the flesh of those it strikes.
   It protects you from poison.
   It protects you from negative energy.
   It lets you turn invisible.
 f - a +1 dagger
 A - the cursed +14 obsidian axe (weapon) {chop, +Fly SInv *Curse}
   (You found it on level 6 of the Dungeon)

   It inflicts extra damage upon your enemies.
   It lets you see invisible.
   It lets you fly.
   It curses itself when equipped.
   It has a curse placed upon it.
Armour
 a - a +0 robe (melded)
 i - a +0 cloak (melded)
 r - a +0 pair of gloves (melded)
Jewellery
 b - an amulet of guardian spirit (around neck)
 e - a +2 ring of dexterity
 g - an uncursed ring of flight
 l - an uncursed ring of poison resistance {unknown}
 n - an uncursed ring of stealth
 p - a +4 ring of protection (right branch)
 q - an uncursed amulet of rage
 w - an uncursed ring of protection from magic
 y - a ring of see invisible (left branch)
Wands
 j - a wand of flame (6)
 z - a wand of scattershot (5)
Scrolls
 h - 2 scrolls of magic mapping
 o - 3 scrolls of remove curse
 s - 4 scrolls of blinking
 v - 2 scrolls of enchant weapon
Potions
 m - a potion of lignification
 t - 3 potions of agility
Comestibles
 c - 8 rations


   Skills:
 + Level 4.5 Fighting
 - Level 3.2 Long Blades
 * Level 3.6 Axes
 - Level 2.1 Dodging
 - Level 2.0 Stealth
 + Level 4.8 Spellcasting
 * Level 9.3 Conjurations
 * Level 8.3 Fire Magic


You had 7 spell levels left.
You knew the following spells:

 Your Spells              Type           Power        Failure   Level  Hunger
a - Flame Tongue          Conj/Fire      #####        1%          1    None
b - Throw Flame           Conj/Fire      #####.       1%          2    #......
c - Conjure Flame         Conj/Fire      #####...     1%          3    ###....
d - Sticky Flame          Conj/Fire      #####...     3%          4    ####...

Your spell library contained the following spells:

 Spells                   Type           Power        Failure   Level  Hunger
 Fireball                 Conj/Fire      #####.....   10%         5    ######.
 Spider Form              Tmut/Pois      #.........   38%         3    ###....
 Blade Hands              Tmut           #.........   98%         5    ######.
 Ice Form                 Ice/Tmut       #.......     80%         4    ####...
 Sticks to Snakes         Tmut           #.......     21%         2    #......
 Inner Flame              Hex/Fire       ###.....     8%          3    ###....
 Beastly Appendage        Tmut           #.....       14%         1    None


Dungeon Overview and Level Annotations

Branches:
Dungeon (7/15)             Temple (1/1) D:6

Altars:
Ashenzari
Cheibriados
Dithmenos
Elyvilon
Fedhas
Gozag
Hepliaklqana
Kikubaaqudgha
Makhleb
Nemelex Xobeh
Okawaru
Qazlal
Ru
Sif Muna
Trog
Uskayaw
Vehumet
Wu Jian
Xom
Yredelemnul
Zin
The Shining One

Shops:
D:6 (


Innate Abilities, Weirdness & Mutations

((You have a beak for a mouth.))
((You have claws for feet.))
You can fly.


Message History

Confirm with . or Enter, or press ? or * to list all spells.
Aiming: Flame Tongue (safe; 1% risk of failure)
Press: ? - help, Shift-Dir - straight line, f - phantom
Aim: a phantom (almost destroyed, mesmerising)
The flame tongue hits the phantom.
You break out of your daze!
You destroy the phantom!
Vehumet accepts your kill.
Visions of slaying the worker ant flood into your mind.
* * * LOW HITPOINT WARNING * * *
You feel sick.
The worker ant bites the freed slave but does no damage.
The freed slave hits the worker ant but does no damage.
The worker ant bites the freed slave.
The freed slave is poisoned.
The worker ant poisons the freed slave!
The freed slave hits the worker ant.
The worker ant bites the freed slave!
The freed slave hits the worker ant.
The worker ant bites the freed slave but does no damage.
Your transformation is almost over.
You die...

...[.....((#
#.............)(.# .
###........#.....(.# #.
<.........#...)().# #..
#.......$#....)(..
...###........#........
#..)....(.............
#††.((....##.....#.
#)♣(...### #.....#.
.....4)4.....####)....#.
.....).[).....##......#)
..#...................##
...#...........#......#
.#.....p..............#
##.$..a.......##.#####
......p.........#
...........###


You could see a worker ant, 2 neutral freed slaves, a friendly orange demon and
a friendly red devil.

Vanquished Creatures
  A water moccasin (D:5)
  An orc warrior (D:6)
  A phantom (D:7)
  An ogre (D:6)
  A centaur (D:6)
  3 big kobolds (D:7)
  3 bullfrogs
  2 scorpions
  Dowan (D:7)
  4 killer bees (D:7)
  4 wights (D:6)
  9 orc wizards
  A bullfrog skeleton (D:5)
  A centaur zombie (D:7)
  A hound (D:6)
  A centaur skeleton (D:4)
  2 orc priests
  An iguana (D:6)
  5 worker ants
  A hound zombie (D:5)
  4 gnolls (D:7)
  12 adders
  A shadow imp (D:6)
  An ooze (D:4)
  An adder zombie (D:6)
  2 adder skeletons (D:6)
  3 worms
  4 dart slugs
  2 leopard geckos
  29 orcs
  4 giant cockroaches
  9 goblins
  4 hobgoblins
  15 jackals
  3 quokkas
  A ball python (D:1)
  6 bats
  8 frilled lizards
  A jackal skeleton (D:4)
  17 kobolds
  A leopard gecko skeleton (D:4)
  A quokka skeleton (D:4)
  11 rats
184 creatures vanquished.

Vanquished Creatures (collateral kills)
  Pikel (D:7)
  Duvessa (D:7)
  A slave (D:7)
  A scorpion (D:7)
  A killer bee (D:7)
  2 gnolls (D:7)
  An orc (D:7)
  5 kobolds (D:7)
13 creatures vanquished.

Vanquished Creatures (others)
  A slave (D:7)
1 creature vanquished.

Grand Total: 198 creatures vanquished

Notes
Turn   | Place    | Note
-------+----------+-------------------------------------------
     0 | D:1      | kae the Tengu Fire Elementalist began the quest for the Orb.
     0 | D:1      | Reached XP level 1. HP: 10/10 MP: 4/4
   546 | D:1      | Reached XP level 2. HP: 12/15 MP: 4/6
   605 | D:1      | Reached skill level 2 in Conjurations
  1128 | D:1      | Reached XP level 3. HP: 14/20 MP: 4/7
  1639 | D:2      | Noticed a bullfrog
  1644 | D:2      | Killed a bullfrog
  1644 | D:2      | Reached skill level 1 in Fighting
  1644 | D:2      | Reached skill level 3 in Conjurations
  1644 | D:2      | Reached XP level 4. HP: 18/25 MP: 4/8
  1990 | D:2      | Learned a level 2 spell: Throw Flame
  1994 | D:2      | Learned a level 3 spell: Conjure Flame
  2092 | D:2      | Gained mutation: You can fly. [Tengu growth]
  2092 | D:2      | Reached XP level 5. HP: 25/29 MP: 5/9
  2255 | D:2      | Found a blossoming altar of Fedhas.
  2255 | D:2      | Found a sacrificial altar of Ru.
  2336 | D:2      | Found an ancient bone altar of Kikubaaqudgha.
  2599 | D:3      | Found a sparkling altar of Nemelex Xobeh.
  2627 | D:3      | Reached skill level 4 in Conjurations
  2842 | D:3      | Found a glowing golden altar of the Shining One.
  3272 | D:3      | Reached XP level 6. HP: 35/35 MP: 5/11
  3324 | D:3      | Reached skill level 5 in Fire Magic
  3618 | D:4      | Reached skill level 5 in Conjurations
  3736 | D:4      | Got an encrusted long sword
  3739 | D:4      | Identified the +6 long sword "Orufid" {venom, +Inv rPois rN+} (You found it on level 4 of the Dungeon)
  4030 | D:4      | Reached XP level 7. HP: 40/40 MP: 3/12
  4577 | D:5      | Entered Level 5 of the Dungeon
  4579 | D:5      | Reached skill level 1 in Long Blades
  4587 | D:5      | Learned a level 4 spell: Sticky Flame
  4788 | D:5      | Reached skill level 6 in Conjurations
  5072 | D:5      | Found an iron altar of Okawaru.
  5680 | D:6      | Reached XP level 8. HP: 46/46 MP: 8/14
  5869 | D:6      | Reached skill level 7 in Conjurations
  6206 | D:6      | Found Aleigi's Weapon Emporium.
  6452 | D:6      | Found a staircase to the Ecumenical Temple.
  6692 | Temple   | Entered the Ecumenical Temple
  6844 | Temple   | Became a worshipper of Vehumet
  7034 | D:6      | Reached skill level 8 in Conjurations
  7166 | D:6      | Found the cursed +14 obsidian axe {chop, +Fly SInv *Curse}
  7282 | D:7      | Reached XP level 9. HP: 40/52 MP: 2/16
  7283 | D:7      | Reached skill level 1 in Axes
  7622 | D:7      | Noticed Dowan
  7623 | D:7      | Noticed Duvessa
  7625 | D:7      | Noticed Pikel
  7630 | D:7      | Reached * piety under Vehumet
  7630 | D:7      | Offered knowledge of Sandblast by Vehumet.
  7633 | D:7      | Killed Pikel
  7633 | D:7      | Reached skill level 9 in Conjurations
  7635 | D:7      | Killed Dowan
  7635 | D:7      | Killed Duvessa
  7639 | D:7      | HP: 3/78 [poisoned by a scorpion]
  7645 | D:7      | HP: 1/78 [poisoned by a scorpion]
  7651 | D:7      | HP: 1/78 [poisoned by a scorpion]
  7654 | D:7      | Succumbed to a scorpion's poison

Vault maps used:
D:1:      nicolae_arrival_memento_mori
D:2:      gammafunk_temple_overflow_forgotten
D:3:      nemelex_xobeh_ov_fountains_minmay, old_standard_altar
D:4:      minmay_surrounded
D:5:      okawaru_altar_gauntlet_db, first_ration
D:6:      minmay_temple_entry_glassed_door, serial_shops, shop
D:7:      uniq_duvessa, uniq_pikel
Temple:   nicolae_temple_elliptical

Skill      XL: |  1  2  3  4  5  6  7  8  9 |
---------------+----------------------------+-----
Conjurations   | 2 3 4 5 6 8 9 |  9.3
Fighting       | 1 2 3 4 |  4.5
Fire Magic     | 4 5 6 7 8 |  8.3
Spellcasting   | 3 4 |  4.8
Long Blades    | 1 3 |  3.2
Axes           | 3 |  3.6
Dodging        | |  2.1
Stealth        | |  2.0

Action                   |  1- 3 |  4- 6 |  7- 9 || total
-------------------------+-------+-------+-------++-------
Melee: Unarmed           |     4 |       |       ||     4
       Dagger            |    30 |    36 |       ||    66
       Peck              |     6 |     8 |     8 ||    22
       Kick              |     1 |    11 |    20 ||    32
       Long sword        |       |     7 |    47 ||    54
       Broad axe         |       |       |    24 ||    24
 Cast: Flame Tongue      |    33 |    93 |   102 ||   228
       Throw Flame       |       |     7 |    17 ||    24
       Conjure Flame     |       |       |     3 ||     3
       Sticky Flame      |       |       |     1 ||     1
  Use: Scroll            |       |    14 |     4 ||    18
       Potion            |       |       |     7 ||     7
 Stab: Sleeping          |     1 |     6 |     4 ||    11
  Eat: Ration            |     1 |       |       ||     1
       Chunk             |       |     7 |    11 ||    18
Armor: Robe              |     4 |    10 |    21 ||    35
       Skin              |       |       |    60 ||    60
Dodge: Dodged            |    35 |    45 |   105 ||   185
       Rpst.: Long sword |       |     2 |    16 ||    18

Table legend:
 A = Spawn XP
 B = Non-spawn XP
 C = Spawn XP percentage of total XP
 D = Spawn monster count
 E = Non-spawn monster count
 F = Spawn count percentage of total count
 G = Total turns spent on level
                    A         B        C        D         E        F      G
               +---------+---------+-------+---------+---------+-------+---------
         Total |       0 |    3939 |   0.0 |       0 |     195 |   0.0 |  7654
               +---------+---------+-------+---------+---------+-------+---------
           D:1 |       0 |      36 |   0.0 |       0 |      21 |   0.0 |  1487
           D:2 |       0 |     144 |   0.0 |       0 |      18 |   0.0 |   912
           D:3 |       0 |     193 |   0.0 |       0 |      31 |   0.0 |  1145
           D:4 |       0 |     360 |   0.0 |       0 |      24 |   0.0 |  1033
           D:5 |       0 |     376 |   0.0 |       0 |      19 |   0.0 |  1097
           D:6 |       0 |    1139 |   0.0 |       0 |      36 |   0.0 |  1626
           D:7 |       0 |    1691 |   0.0 |       0 |      46 |   0.0 |   190
               +---------+---------+-------+---------+---------+-------+---------
